| TOP OF THE 1ST |
|
San Francisco Giants batting - Pitching for Atlanta Braves : RHP Matt Sigurdson
|
|
Pitching: RHP Matt Sigurdson
|
|
|
Batting: RHB Nick Rigden
|
0-0: Called Strike 0-1: Ball 1-1: Ball 2-1: Called Strike 2-2: Strikes out swinging
|
|
Batting: LHB Carey Horncole
|
0-0: Ball 1-0: Foul Ball, location: 2F 1-1: SINGLE (Flyball, 8LS, EV 93.8 MPH)
|
|
Batting: RHB Sean Zielinski
|
0-0: Fly out, F9 (Line Drive, 89M, EV 88.8 MPH)
|
|
Batting: LHB Jack Henningar
|
0-0: Ball 1-0: Fly out, F9 (Flyball, 9D, EV 78.8 MPH)
|
| Top of the 1st over - 0 runs, 1 hit, 0 errors, 1 left on base; San Francisco 0 - Atlanta 0 |
| BOTTOM OF THE 1ST |
|
Atlanta Braves batting - Pitching for San Francisco Giants : RHP Roberto Duron
|
|
Pitching: RHP Roberto Duron
|
|
|
Batting: LHB Per Meulengracht
|
0-0: Called Strike 0-1: Ball 1-1: Ball 2-1: Fly out, F8 (Flyball, 8RM, EV 82.5 MPH)
|
|
Batting: RHB Luis Torres
|
0-0: Ball 1-0: Ball 2-0: Called Strike 2-1: Called Strike 2-2: Ball 3-2: Base on Balls
|
|
Batting: RHB Jordan Martin
|
Pickoff Throw to First - Error! E1 Luis Torres to second 0-0: Fly out, F8 (Flyball, 8RD, EV 96.2 MPH)
|
|
Batting: RHB Jeckel Hester
|
0-0: Ball 1-0: Ball 2-0: Called Strike 2-1: Swinging Strike 2-2: Ball 3-2: Foul Ball, location: 2F 3-2: Fly out, F9 (Flyball, 89D, EV 85.6 MPH)
|
| Bottom of the 1st over - 0 runs, 0 hits, 1 error, 1 left on base; San Francisco 0 - Atlanta 0 |
| TOP OF THE 2ND |
|
San Francisco Giants batting - Pitching for Atlanta Braves : RHP Matt Sigurdson
|
|
Batting: RHB Lucan Esini
|
0-0: Ball 1-0: Foul Ball, location: 2F 1-1: Ground out U3 (Groundball, 34S, EV 88.1 MPH)
|
|
Batting: SHB Ryan Doss
|
0-0: Called Strike 0-1: Fly out, F8 (Flyball, 8RM, EV 76.9 MPH)
|
|
Batting: LHB Tom Best
|
0-0: Ball 1-0: Called Strike 1-1: Ground out 4-3 (Groundball, 34, EV 103.1 MPH)
|
| Top of the 2nd over - 0 runs, 0 hits, 0 errors, 0 left on base; San Francisco 0 - Atlanta 0 |
| BOTTOM OF THE 2ND |
|
Atlanta Braves batting - Pitching for San Francisco Giants : RHP Roberto Duron
|
|
Batting: LHB Colin Worthington
|
0-0: Called Strike 0-1: Ball 1-1: Ball 2-1: Ground out 1-3 (Groundball, 34S, EV 68.8 MPH)
|
|
Batting: RHB Xavier Davis
|
0-0: Ball 1-0: Called Strike 1-1: Swinging Strike 1-2: Ball 2-2: Ball 3-2: Base on Balls
|
|
Batting: RHB Zhi-bin Ou-yang
|
0-0: Called Strike Xavier Davis steals 2nd base (no throw) 0-1: Ball 1-1: Ball 2-1: Foul Ball, location: 2F 2-2: Ball 3-2: DOUBLE (Flyball, 89XD, EV 110.0 MPH) Xavier Davis scores
|
|
Batting: RHB Jared Speck
|
0-0: Ball 1-0: Called Strike 1-1: Foul Ball, location: 2F 1-2: Strikes out swinging
|
|
Batting: RHB Tade Post
|
0-0: Ball 1-0: SINGLE (Flyball, 8LS, EV 88.1 MPH) Zhi-bin Ou-yang to third Runner from 3rd tries for Home, SAFE, throw by CF to home
|
|
Batting: LHB Per Meulengracht
|
0-0: Called Strike 0-1: Foul Ball, location: 2F 0-2: Ball Wild Pitch! Tade Post to second 1-2: Ball 2-2: Ball 3-2: Strikes out swinging
|
| Bottom of the 2nd over - 2 runs, 2 hits, 0 errors, 1 left on base; San Francisco 0 - Atlanta 2 |
| TOP OF THE 3RD |
|
San Francisco Giants batting - Pitching for Atlanta Braves : RHP Matt Sigurdson
|
|
Batting: SHB Bill Dooms
|
0-0: Called Strike 0-1: Ball 1-1: Ball 2-1: Foul Ball, location: 2F 2-2: Ball 3-2: Foul Ball, location: 2F 3-2: Base on Balls
|
|
Batting: RHB Henri Cederberg
|
0-0: Ball 1-0: SINGLE (Flyball, 6MD, EV 88.8 MPH) Bill Dooms to second
|
|
Batting: RHB Nick Rigden
|
0-0: Ball 1-0: Ball 2-0: Foul Ball, location: 2F 2-1: Reached on error, E4 (Groundball, 4, EV 90.6 MPH) Bill Dooms to third Henri Cederberg to second
|
|
Batting: LHB Carey Horncole
|
0-0: Foul Ball, location: 2F 0-1: Ball 1-1: SINGLE (Groundball, 56, EV 97.5 MPH) (infield hit) Bill Dooms scores Henri Cederberg to third Nick Rigden to second
|
|
Batting: RHB Sean Zielinski
|
0-0: Ball 1-0: Called Strike 1-1: Swinging Strike 1-2: Strikes out swinging
|
|
Batting: LHB Jack Henningar
|
0-0: Called Strike 0-1: Ball 1-1: GRAND SLAM HOME RUN (Flyball, 7D, EV 95.6 MPH), Distance : 367 ft
|
|
Batting: RHB Lucan Esini
|
0-0: Called Strike 0-1: Ball 1-1: Called Strike 1-2: Foul Ball, location: 2F 1-2: Ball 2-2: Strikes out looking
|
|
Batting: SHB Ryan Doss
|
0-0: Ball 1-0: Ball 2-0: Ball 3-0: Called Strike 3-1: Called Strike 3-2: Base on Balls
|
|
Batting: LHB Tom Best
|
0-0: Called Strike 0-1: Swinging Strike 0-2: Ball 1-2: Ball 2-2: Ball 3-2: Base on Balls Ryan Doss to second
|
|
Pitching: RHP Alex Montes
|
|
|
Batting: SHB Bill Dooms
|
0-0: Ball 1-0: SINGLE (Groundball, 6MD, EV 105.0 MPH) Ryan Doss to third Tom Best to second Runner from 3rd tries for Home, SAFE, throw by CF to home
|
|
Batting: RHB Henri Cederberg
|
0-0: Called Strike 0-1: Ball 1-1: Ball 2-1: Foul Ball, location: 2F 2-2: Fielders Choice at 2nd, 6-4 (Groundball, 56, EV 89.4 MPH)
|
| Top of the 3rd over - 6 runs, 4 hits, 1 error, 2 left on base; San Francisco 6 - Atlanta 2 |
| BOTTOM OF THE 3RD |
|
Atlanta Braves batting - Pitching for San Francisco Giants : RHP Roberto Duron
|
|
Batting: RHB Luis Torres
|
0-0: Called Strike 0-1: Foul Ball, location: 2F 0-2: Ball 1-2: Foul Ball, location: 2F 1-2: Foul Ball, location: 2F 1-2: Strikes out swinging
|
|
Pitching: RHP Nicolas Coppola II
|
|
|
Batting: RHB Jordan Martin
|
0-0: Fly out, F9 (Line Drive, 89D, EV 86.9 MPH)
|
|
Batting: RHB Jeckel Hester
|
0-0: Ball 1-0: Called Strike 1-1: Ground out 1-3 (Groundball, 13S, EV 70.6 MPH)
|
| Bottom of the 3rd over - 0 runs, 0 hits, 0 errors, 0 left on base; San Francisco 6 - Atlanta 2 |
| TOP OF THE 4TH |
|
San Francisco Giants batting - Pitching for Atlanta Braves : RHP Alex Montes
|
|
Batting: RHB Nick Rigden
|
0-0: SINGLE (Groundball, 56, EV 100.0 MPH)
|
|
Batting: LHB Carey Horncole
|
0-0: Ball Nick Rigden steals 2nd base (no throw) 1-0: Ball 2-0: Foul Ball, location: 2F 2-1: Ball 3-1: Base on Balls
|
|
Batting: RHB Sean Zielinski
|
0-0: Ball 1-0: Ball 2-0: Called Strike 2-1: Foul Ball, location: 2F 2-2: Foul Ball, location: 2F 2-2: Foul Ball, location: 2F 2-2: Foul Ball, location: 2F 2-2: Strikes out swinging
|
|
Batting: LHB Jack Henningar
|
0-0: Foul Ball, location: 2F 0-1: SINGLE (Line Drive, 6D, EV 98.8 MPH) Nick Rigden to third Carey Horncole to second
|
|
Batting: RHB Lucan Esini
|
0-0: Grounds into double play, 4-6-3 (Groundball, 4MS, EV 86.2 MPH)
|
| Top of the 4th over - 0 runs, 2 hits, 0 errors, 2 left on base; San Francisco 6 - Atlanta 2 |
| BOTTOM OF THE 4TH |
|
Atlanta Braves batting - Pitching for San Francisco Giants : RHP Nicolas Coppola II
|
|
Batting: LHB Colin Worthington
|
0-0: Ball 1-0: SINGLE (Line Drive, 7LS, EV 93.8 MPH)
|
|
Batting: RHB Xavier Davis
|
0-0: Called Strike 0-1: DOUBLE (Flyball, 8LXD, EV 110.6 MPH) Colin Worthington to third Runner from 3rd tries for Home, SAFE, throw by CF to home
|
|
Batting: RHB Zhi-bin Ou-yang
|
0-0: Called Strike 0-1: Ball 1-1: Ball 2-1: Called Strike 2-2: Strikes out swinging
|
|
Batting: RHB Jared Speck
|
0-0: Swinging Strike 0-1: Ball 1-1: Called Strike 1-2: Fly out, F8 (Flyball, 78XD, EV 87.5 MPH) Runner from 2nd tags up, SAFE at 3rd, no throw by CF
|
|
Batting: RHB Tade Post
|
0-0: Ball 1-0: Ball 2-0: Ball 3-0: Called Strike 3-1: Called Strike 3-2: Ground out 5-3 (Groundball, 5S, EV 71.9 MPH)
|
| Bottom of the 4th over - 1 run, 2 hits, 0 errors, 1 left on base; San Francisco 6 - Atlanta 3 |
| TOP OF THE 5TH |
|
San Francisco Giants batting - Pitching for Atlanta Braves : RHP Alex Montes
|
|
Batting: SHB Ryan Doss
|
0-0: Foul Ball, location: 2F 0-1: Called Strike 0-2: Ball 1-2: Ball 2-2: Foul Ball, location: 2F 2-2: Foul Ball, location: 2F 2-2: SOLO HOME RUN (Flyball, 9LD, EV 95.6 MPH), Distance : 374 ft
|
|
Batting: LHB Tom Best
|
0-0: Ball 1-0: Ball 2-0: Ball 3-0: Base on Balls
|
|
Batting: SHB Bill Dooms
|
0-0: Called Strike 0-1: Swinging Strike 0-2: Ball 1-2: Strikes out swinging
|
|
Batting: RHB Henri Cederberg
|
0-0: Ball 1-0: Ball 2-0: Ball 3-0: Called Strike 3-1: Called Strike 3-2: Base on Balls Tom Best to second
|
|
Batting: RHB Nick Rigden
|
0-0: Ball 1-0: Ball 2-0: DOUBLE (Line Drive, 8LXD, EV 110.0 MPH) Tom Best scores Henri Cederberg to third
|
|
Batting: LHB Carey Horncole
|
0-0: Ball 1-0: 3-RUN HOME RUN (Flyball, 9D, EV 102.5 MPH), Distance : 403 ft
|
|
Pitching: RHP Andy Kiefer
|
|
|
Batting: RHB Sean Zielinski
|
0-0: Fly out, F8 (Line Drive, 78M, EV 98.1 MPH)
|
|
Batting: LHB Jack Henningar
|
0-0: Foul Ball, location: 2F 0-1: Ball 1-1: Ball 2-1: Ball 3-1: Base on Balls
|
|
Batting: RHB Lucan Esini
|
0-0: DOUBLE (Line Drive, 78D, EV 102.5 MPH) Jack Henningar to third Runner from 3rd tries for Home, SAFE, throw by LF to home
|
|
Batting: SHB Ryan Doss
|
0-0: Ball Wild Pitch! Lucan Esini to third 1-0: Ball 2-0: Swinging Strike 2-1: Ball 3-1: SINGLE (Line Drive, 34D, EV 98.1 MPH) Lucan Esini scores
|
|
Batting: LHB Tom Best
|
0-0: Called Strike 0-1: Ball 1-1: Foul Ball, location: 2F 1-2: Strikes out swinging, 2-3 out at first.
|
| Top of the 5th over - 7 runs, 5 hits, 0 errors, 1 left on base; San Francisco 13 - Atlanta 3 |
| BOTTOM OF THE 5TH |
|
Atlanta Braves batting - Pitching for San Francisco Giants : RHP Nicolas Coppola II
|
|
Batting: LHB Per Meulengracht
|
0-0: Ball 1-0: Foul Ball, location: 2F 1-1: Ball 2-1: Ball 3-1: Foul Ball, location: 2F 3-2: Base on Balls
|
|
Batting: RHB Luis Torres
|
0-0: Swinging Strike 0-1: Grounds into double play, 4-6-3 (Groundball, 4, EV 80.0 MPH)
|
|
Batting: RHB Jordan Martin
|
0-0: Ball 1-0: Foul Ball, location: 2F 1-1: Ball 2-1: Foul Ball, location: 2F 2-2: Ball 3-2: Foul Ball, location: 2F 3-2: Fly out, F7 (Line Drive, 78M, EV 88.8 MPH)
|
| Bottom of the 5th over - 0 runs, 0 hits, 0 errors, 0 left on base; San Francisco 13 - Atlanta 3 |
| TOP OF THE 6TH |
|
San Francisco Giants batting - Pitching for Atlanta Braves : RHP Andy Kiefer
|
|
Batting: SHB Bill Dooms
|
0-0: Ball 1-0: Ground out 5-3 (Groundball, 5S, EV 80.6 MPH)
|
|
Batting: RHB Henri Cederberg
|
0-0: Ball 1-0: Foul Ball, location: 2F 1-1: Swinging Strike 1-2: Strikes out swinging
|
|
Batting: RHB Nick Rigden
|
0-0: Called Strike 0-1: Swinging Strike 0-2: Ball 1-2: Foul Ball, location: 2F 1-2: Ball 2-2: Strikes out swinging
|
| Top of the 6th over - 0 runs, 0 hits, 0 errors, 0 left on base; San Francisco 13 - Atlanta 3 |
| BOTTOM OF THE 6TH |
|
Atlanta Braves batting - Pitching for San Francisco Giants : RHP Nicolas Coppola II
|
|
Batting: RHB Jeckel Hester
|
0-0: Called Strike 0-1: Ball 1-1: Foul Ball, location: 2F 1-2: Strikes out swinging
|
|
Batting: LHB Colin Worthington
|
0-0: Swinging Strike 0-1: Ball 1-1: SINGLE (Groundball, 6MD, EV 104.4 MPH)
|
|
Pitching: RHP Josh Lister
|
|
|
Batting: RHB Xavier Davis
|
0-0: Called Strike 0-1: Foul Ball, location: 2F 0-2: Foul Ball, location: 2F 0-2: Foul Ball, location: 2F 0-2: Strikes out swinging
|
|
Batting: RHB Zhi-bin Ou-yang
|
0-0: Ball 1-0: Called Strike 1-1: Ball 2-1: Ball 3-1: Foul Ball, location: 2F 3-2: Foul Ball, location: 2F 3-2: SINGLE (Line Drive, 6D, EV 96.2 MPH) Colin Worthington to second Colin Worthington to third
|
|
Batting: RHB Jared Speck
|
0-0: Ball 1-0: Ball 2-0: Called Strike 2-1: Foul Ball, location: 2F 2-2: Ball 3-2: Strikes out swinging
|
| Bottom of the 6th over - 0 runs, 2 hits, 0 errors, 2 left on base; San Francisco 13 - Atlanta 3 |
| TOP OF THE 7TH |
|
San Francisco Giants batting - Pitching for Atlanta Braves : RHP Andy Kiefer
|
|
Pinch Hitting: RHB Tyler Mapes
|
0-0: Ball 1-0: Ball 2-0: Called Strike 2-1: Foul Ball, location: 2F 2-2: Foul Ball, location: 2F 2-2: Foul Ball, location: 2F 2-2: Ground out U3 (Groundball, 34, EV 91.2 MPH)
|
|
Batting: RHB Sean Zielinski
|
0-0: Called Strike 0-1: Hit by Pitch
|
|
Pitching: RHP Mike Willig
|
|
|
Batting: LHB Jack Henningar
|
0-0: Fielders Choice at 2nd, 3-6 (Groundball, 3, EV 98.8 MPH)
|
|
Batting: RHB Lucan Esini
|
0-0: SINGLE (Line Drive, 89S, EV 103.1 MPH) Jack Henningar to second
|
|
Batting: SHB Ryan Doss
|
0-0: Ball 1-0: Ball 2-0: Called Strike 2-1: Called Strike 2-2: Ball 3-2: Strikes out swinging
|
| Top of the 7th over - 0 runs, 1 hit, 0 errors, 2 left on base; San Francisco 13 - Atlanta 3 |
| BOTTOM OF THE 7TH |
|
Atlanta Braves batting - Pitching for San Francisco Giants : RHP Josh Lister
|
|
Now at 3B: Tyler Mapes
|
|
|
Now at SS: Ryan Doss
|
|
|
Batting: RHB Tade Post
|
0-0: Ball 1-0: Ball 2-0: Foul Ball, location: 2F 2-1: Foul Ball, location: 2F 2-2: Ball 3-2: Fly out, F8 (Flyball, 78S, EV 91.9 MPH)
|
|
Batting: LHB Per Meulengracht
|
0-0: Foul Ball, location: 2F 0-1: Called Strike 0-2: Ball 1-2: Strikes out swinging
|
|
Batting: RHB Luis Torres
|
0-0: Fly out, F9 (Flyball, 9S, EV 89.4 MPH)
|
| Bottom of the 7th over - 0 runs, 0 hits, 0 errors, 0 left on base; San Francisco 13 - Atlanta 3 |
| TOP OF THE 8TH |
|
San Francisco Giants batting - Pitching for Atlanta Braves : RHP Mike Willig
|
|
Batting: LHB Tom Best
|
0-0: Ball 1-0: Ball 2-0: Ball 3-0: Called Strike 3-1: Ground out 5-3 (Groundball, 5, EV 106.2 MPH)
|
|
Batting: SHB Bill Dooms
|
0-0: Called Strike 0-1: SOLO HOME RUN (Flyball, 89XD, EV 113.1 MPH), Distance : 458 ft
|
|
Batting: RHB Henri Cederberg
|
0-0: Foul Ball, location: 2F 0-1: Ball 1-1: Fly out, F8 (Flyball, 8RM, EV 81.2 MPH)
|
|
Batting: RHB Nick Rigden
|
0-0: Foul Ball, location: 2F 0-1: Called Strike 0-2: Ball 1-2: Fly out, F5 (Popup, 5SF, EV 82.5 MPH)
|
| Top of the 8th over - 1 run, 1 hit, 0 errors, 0 left on base; San Francisco 14 - Atlanta 3 |
| BOTTOM OF THE 8TH |
|
Atlanta Braves batting - Pitching for San Francisco Giants : RHP Josh Lister
|
|
Batting: RHB Jordan Martin
|
0-0: Ball 1-0: Foul Ball, location: 2F 1-1: Called Strike 1-2: Foul Ball, location: 2F 1-2: Ball 2-2: Ball 3-2: Foul Ball, location: 2F 3-2: Base on Balls
|
|
Pitching: RHP Micah Teller
|
|
|
Batting: RHB Adriaan Pieters
|
0-0: Swinging Strike 0-1: Foul Ball, location: 2F 0-2: Ball 1-2: Ball 2-2: Fly out, F8 (Flyball, 8LM, EV 76.9 MPH)
|
|
Pinch Hitting: RHB Liangde Li
|
0-0: Foul Ball, location: 2F 0-1: Ball 1-1: Called Strike 1-2: Ball 2-2: Strikes out swinging
|
|
Pinch Hitting: RHB Ramon Villarreal
|
0-0: Ball 1-0: Ground out U3 (Groundball, 13, EV 83.8 MPH)
|
| Bottom of the 8th over - 0 runs, 0 hits, 0 errors, 1 left on base; San Francisco 14 - Atlanta 3 |
| TOP OF THE 9TH |
|
San Francisco Giants batting - Pitching for Atlanta Braves : RHP Mike Willig
|
|
Now at 2B: Zhi-bin Ou-yang
|
|
|
Now at 3B: Ramon Villarreal
|
|
|
Now in LF: Per Meulengracht
|
|
|
Now in CF: Liangde Li
|
|
|
Batting: RHB Tyler Mapes
|
0-0: Ball 1-0: Foul Ball, location: 2F 1-1: Ball 2-1: Fly out, F9 (Line Drive, 9, EV 85.6 MPH)
|
|
Batting: RHB Sean Zielinski
|
0-0: Called Strike 0-1: Ball 1-1: Ground out U3 (Groundball, 3, EV 100.6 MPH)
|
|
Batting: LHB Jack Henningar
|
0-0: Foul Ball, location: 2F 0-1: Ball 1-1: Ball 2-1: Called Strike 2-2: Fly out, F8 (Flyball, 8LM, EV 77.5 MPH)
|
| Top of the 9th over - 0 runs, 0 hits, 0 errors, 0 left on base; San Francisco 14 - Atlanta 3 |
| BOTTOM OF THE 9TH |
|
Atlanta Braves batting - Pitching for San Francisco Giants : RHP Micah Teller
|
|
Batting: RHB Zhi-bin Ou-yang
|
0-0: Called Strike 0-1: Ball 1-1: Ball 2-1: Ball 3-1: Base on Balls
|
|
Batting: RHB Jared Speck
|
0-0: Foul Ball, location: 2F 0-1: Ball 1-1: Ball 2-1: Swinging Strike 2-2: Ball 3-2: Foul Ball, location: 2F 3-2: Strikes out swinging Zhi-bin Ou-yang steals 2nd base (no throw) Batter strikes out.
|
|
Batting: RHB Tade Post
|
0-0: Called Strike 0-1: Ground out 3-1 (Groundball, 34, EV 101.9 MPH) Zhi-bin Ou-yang to third
|
|
Batting: LHB Per Meulengracht
|
0-0: Ball 1-0: Swinging Strike 1-1: Swinging Strike 1-2: Ball 2-2: Strikes out swinging
|
| Bottom of the 9th over - 0 runs, 0 hits, 0 errors, 1 left on base; San Francisco 14 - Atlanta 3 |
|